 Dungeon Crawl Stone Soup version 0.29.1-15-g9cfb28693d (webtiles) character file.

Game seed: 1058841299613737743

186 zeram the Caller (level 5, 0/48 HPs)
             Began as a Troll Summoner on Mar 5, 2023.
             Succumbed to a kobold brigand's curare-tipped dart
             ... on level 3 of the Dungeon.
             The game lasted 00:06:57 (2834 turns).

zeram the Caller (Troll Summoner)                   Turns: 2834, Time: 00:06:58

Health: 0/48       AC:  4    Str: 13 (16) XL:     5   Next: 38%
Magic:  15/15      EV: 10    Int: 12 (13) God:
Gold:   136        SH:  0    Dex:  9 (10) Spells: 4/7 levels left

rFire   . . .      SeeInvis .   e - +1 whip
rCold   . . .      Faith    .   (no shield)
rNeg    . . .      Spirit   .   a - +0 robe
rPois   .          Reflect  .   (helmet restricted)
rElec   .          Harm     .   (no cloak)
rCorr   .          Rampage  .   (gloves unavailable)
Will    .....                   (boots unavailable)
Stlth   +.........              (no amulet)
HPRegen 0.96/turn               p - ring of magical power
MPRegen 0.14/turn               (no ring)

@: lethally poisoned (0 -> -11), slowed, very slow
A: large, unfitting armour, claws 3, regeneration 1, shaggy fur 1, tough skin 1
a: no special abilities


You were on level 3 of the Dungeon.
You visited 1 branch of the dungeon, and saw 3 of its levels.

You collected 136 gold pieces.

Inventory:

Hand Weapons
 e - a +1 whip (weapon)
Armour
 a - a +0 robe (worn)
 c - a +0 pair of gloves
 m - the +0 helmet of the Unseen Realm {Rampage Dex+2}
   (You found it on level 3 of the Dungeon)

   Dex:       It affects your dexterity (+2).
   Rampage:   It bestows one free step when moving towards enemies.
Jewellery
 p - a ring of magical power (left claw)
Scrolls
 i - a scroll of teleportation
 l - a scroll of identify
Potions
 b - a potion of magic
 d - a potion of haste
 f - a potion of cancellation {unknown}
 h - 2 potions of ambrosia {unknown}
 j - 3 potions of might
 k - a potion of degeneration
 n - a potion of brilliance {unknown}
 q - 3 potions of lignification


   Skills:
 + Level 1.1 Fighting
 + Level 1.7 Maces & Flails
 + Level 2.5 Dodging
 - Level 1.0 Stealth
 * Level 1.8 Spellcasting
 * Level 3.7 Summonings


You had 4 spell levels left.
You knew the following spells:

 Your Spells              Type           Power      Damage    Failure   Level
a - Summon Small Mammal   Summ           40%        N/A       6%          1
b - Call Imp              Summ           10%        N/A       9%          2

Your spell library contained the following spells:

 Spells                   Type           Power      Damage    Failure   Level
 Call Canine Familiar     Summ           10%        N/A       19%         3
 Summon Guardian Golem    Hex/Summ       5%         N/A       36%         3
 Static Discharge         Conj/Air       1%         3-4/arc   38%         2
 Summon Lightning Spire   Summ/Air       5%         N/A       77%         4
 Lightning Bolt           Conj/Air       0%         1d11      100%        5
 Maxwell's Capacitive Co  Air            0%         ∞         100%        8


Dungeon Overview and Level Annotations

Branches:
Dungeon (3/15)

Altars:
Cheibriados
Dithmenos

Shops:
D:1 ?

Annotations:
D:3 3 runed translucent doors, leafyfresh's ghost, amateur GnDe


Innate Abilities, Weirdness & Mutations

You are too large for most types of armour.
You have claws for hands.
Your natural rate of healing is unusually fast.
You are covered in fur. (AC +1)
You have tough skin. (AC +1)


Message History

The hobgoblin hits you.
You hit the hobgoblin.
The hobgoblin is severely wounded.
The gnoll hits you from afar with a +0 halberd.
The kobold hits you. The gnoll barely misses you. The hobgoblin hits you.
You barely miss the hobgoblin.
The hobgoblin is severely wounded.
The gnoll closely misses you. The kobold hits you but does no damage.
The gnoll hits you but does no damage. The hobgoblin closely misses you.
You barely miss the hobgoblin.
The hobgoblin is severely wounded.
The gnoll closely misses you. The kobold barely misses you.
The gnoll hits you from afar with a +0 spear.
The hobgoblin hits you.
You hit the kobold.
You kill the kobold!
The gnoll closely misses you.
The gnoll hits you from afar with a +0 spear.
* * * LOW HITPOINT WARNING * * *
The hobgoblin hits you.
* * * LOW HITPOINT WARNING * * *
You hit the hobgoblin.
You kill the hobgoblin!
The gnoll hits you from afar with a +0 halberd!
* * * LOW HITPOINT WARNING * * *
The gnoll barely misses you.
Unknown command.
A kobold brigand comes into view.
It is wielding a +0 dagger and quivering curare-tipped darts. 2 kobolds come into view.
The kobold brigand shouts!
The kobold shouts!
The kobold brigand throws a curare-tipped dart.
The curare-tipped dart hits you.
You are poisoned.
You have difficulty breathing.
* * * LOW HITPOINT WARNING * * *
You feel yourself slow down.
It was a potion of degeneration.
There was something very wrong with that liquid.
You feel weakened.
You feel dopey.
You feel clumsy.
You die...

.................................
.....~~~.~~~.~~~~.~.~..~~~~....~.
....~)~~~~~~≈~≈≈~~~~~~~≈~~~~~~~~~
....)≈≈≈≈≈≈≈≈≈≈≈≈≈≈≈≈~~≈≈≈≈≈≈≈≈≈≈
.....~≈≈≈≈≈≈≈≈≈≈≈≈≈≈≈≈≈≈≈≈≈#####≈
#''######################### #≈
....# KK..#..............# #≈
....# ..K.'..............#
.)..#########.g.@......)...#
.....#.......g..########......
.....)(.........# g....
.....#..........########. ....
....#########............ ##'
....# '............ ....#
.#............ #####
###############


You could see a kobold brigand, 2 gnolls and a kobold.

Vanquished Creatures
  Jessica (D:3)
  An orc wizard (D:3)
  A mummy (D:3)
  A gnoll (D:3)
  2 adders
  A worm (D:2)
  2 ball pythons (D:3)
  4 endoplasms
  3 giant cockroaches
  3 goblins
  6 hobgoblins
  17 kobolds
  2 quokkas (D:3)
  A bat (D:3)
  A frilled lizard (D:3)
  2 rats
48 creatures vanquished.

Vanquished Creatures (collateral kills)
  3 gnolls (D:3)
  2 orcs (D:3)
  11 kobolds (D:3)
16 creatures vanquished.

Vanquished Creatures (others)
  A gnoll (D:3)
  2 fungi (D:3)
  2 plants (D:3)
5 creatures vanquished.

Grand Total: 69 creatures vanquished

Notes
Turn   | Place    | Note
-------+----------+-------------------------------------------
     0 | D:1      | zeram the Troll Summoner began the quest for the Orb.
     0 | D:1      | Reached XP level 1. HP: 16/16 MP: 1/1
    25 | D:1      | Reached skill level 3 in Summonings
   105 | D:1      | Found Yqifam's Magic Scroll Emporium.
   340 | D:1      | Reached XP level 2. HP: 18/24 MP: 0/2
   889 | D:2      | Identified the +8 short sword "Muetzih" {antimagic, rF+
                  | Dex+7}
  1082 | D:2      | Found a faded altar of an unknown god.
  1121 | D:2      | Reached XP level 3. HP: 6/31 MP: 0/3
  1382 | D:2      | Learned a level 2 spell: Call Imp
  1840 | D:3      | Noticed Jessica
  1846 | D:3      | Killed Jessica
  1847 | D:3      | Reached skill level 1 in Maces & Flails
  2055 | D:3      | Reached XP level 4. HP: 29/39 MP: 5/5
  2115 | D:3      | Found a snail-covered altar of Cheibriados.
  2174 | D:3      | Found a runed translucent gate.
  2174 | D:3      | Found a runed translucent gate.
  2174 | D:3      | Found a runed translucent gate.
  2175 | D:3      | Noticed a kobold brigand
  2176 | D:3      | Found a shadowy altar of Dithmenos.
  2543 | D:3      | Noticed leafyfresh's ghost (amateur GnDe)
  2666 | D:3      | Reached XP level 5. HP: 37/46 MP: 6/6
  2699 | D:3      | Reached skill level 1 in Fighting
  2728 | D:3      | Identified the +0 helmet of the Unseen Realm {Rampage
                  | Dex+2}
  2770 | D:3      | HP: 2/48 [gnoll/+0 spear (3)]
  2834 | D:3      | Succumbed to a kobold brigand's curare-tipped dart

Illustrated notes

Levels and vault maps discovered:
D:1:      minmay_arrival_four_circles, layout_basic, serial_shops,
          nicolae_shop_stone
D:2:      layout_loops_ring, chequers_ecumenical_altar_island
D:3:      minmay_goblin_kobold_castle, layout_rooms,
          grunt_dithmenos_smoke_and_mirrors, slow_altar_2,
          gammafunk_ghost_nasty_kobolds, uniq_jessica

Skill      XL: |  1  2  3  4  5 |
---------------+----------------+-----
Summonings     | 3 |  3.7
Maces & Flails | 1 |  1.7
Dodging        | 2 |  2.5
Fighting       | 1 |  1.1
Stealth        | |  1.0
Spellcasting   | |  1.8

Action                   |  1- 3 |  4- 6 || total
-------------------------+-------+-------++-------
Melee: Whip              |   136 |   151 ||   287
       Unarmed           |     3 |       ||     3
       Punch             |       |     2 ||     2
 Cast: Summon Small Mamm |     4 |     3 ||     7
       Call Imp          |     3 |     8 ||    11
  Use: Scroll            |     9 |     2 ||    11
       Potion            |       |     4 ||     4
 Stab: Sleeping          |     1 |       ||     1
Armor: Robe              |    59 |    80 ||   139
Dodge: Dodged            |    68 |   113 ||   181
